 Dungeon Crawl Stone Soup version 0.32-a0-132-g2d33c3cfaf (webtiles) character file.

Game seed: 14415954521896310319

173 Newt the Trooper (level 5, 0/41 HPs)
             Began as a Demonspawn Gladiator on Feb 9, 2024.
             Shot with an arrow by a centaur (12 damage)
             ... on level 5 of the Dungeon.
             The game lasted 00:02:40 (2484 turns).

Newt the Trooper (Demonspawn Gladiator)             Turns: 2484, Time: 00:02:40

Health: 0/41       AC: 15    Str: 14    XL:     5   Next: 28%
Magic:  5/5        EV: 10    Int:  8    God:
Gold:   177        SH:  4    Dex: 23    Spells: 4/4 levels left

rFire   + + .        x - +0 sling (drain)
rCold   x . .        (no shield)
rNeg    . . .        k - +0 fire dragon scales
rPois   .            c - +0 helmet
rElec   .            (no cloak)
rCorr   .            (no gloves)
SInv    .            (no boots)
Will    .....        (no amulet) Stlth
                     s - +6 ring of dexterity
HPRegen 0.26/turn    (no ring)
MPRegen 0.09/turn

%: no passive effects
@: sanguine armoured
A: hooves 1, sanguine armour 1, condensation shield
a: no special abilities


You were on level 5 of the Dungeon.
You visited 1 branch of the dungeon, and saw 6 of its levels.

You collected 177 gold pieces.

Inventory:

Hand Weapons
 a - a +0 rapier
 m - a +3 quarterstaff
 x - a +0 sling of draining (weapon)
Missiles
 d - 3 throwing nets
 e - 6 javelins
 l - 12 poisoned darts
Armour
 b - a +0 leather armour
 c - a +0 helmet (worn)
 k - +0 fire dragon scales (worn)
 n - the +0 robe of Seah {+Blink}
   (You found it on level 2 of the Dungeon)

   +Blink:    It lets you blink.
Jewellery
 s - a +6 ring of dexterity (left hand)
Scrolls
 f - 3 scrolls of identify {unknown}
 g - 3 scrolls of vulnerability {unknown}
 j - 2 scrolls of enchant weapon {unknown}
 q - a scroll of enchant armour {unknown}
 r - a scroll of noise {unknown}
 u - a scroll of amnesia {unknown}
 w - a scroll of blinking {unknown}
Potions
 h - 2 potions of attraction {unknown}
 i - a potion of enlightenment {unknown}
 o - a potion of curing {unknown}
 p - a potion of haste {unknown}
 t - a potion of might {unknown}
 v - a potion of magic {unknown}


   Skills:
 + Level 3.5 Fighting
 - Level 2.6 Short Blades
 - Level 2.0 Staves
 * Level 1.4 Ranged Weapons
 - Level 3.0 Throwing
 - Level 2.6 Dodging


You had 4 spell levels left.
You didn't know any spells.
Your spell library was empty.

Dungeon Overview and Level Annotations

Branches:
Dungeon (6/15)
 Temple: D:4-7

Altars:
Qazlal
Ru

Shops:
D:1 (


Innate Abilities, Weirdness & Mutations

You have large cloven feet.
When seriously injured, your blood forms armour. (AC +6)
A meltable shield of frost defends you. (SH +4)


Message History

There is an open door here.
A centaur comes into view.
The centaur shouts!
The centaur wields a +0 orcbow.
The centaur shoots an arrow.
The arrow hits you!
A centaur is nearby!
You shoot a sling bullet. The sling bullet hits the centaur.
The centaur is lightly wounded.
The centaur shoots an arrow.
The arrow closely misses you.
The centaur shoots an arrow.
The arrow hits you!
Your blood congeals into armour.
You shoot a sling bullet. The sling bullet hits the centaur.
The centaur is moderately wounded.
The centaur shoots an arrow.
You block the arrow.
The centaur shoots an arrow.
The arrow hits you!
* * * LOW HITPOINT WARNING * * *
You are too injured to fight recklessly!
You are too injured to fight recklessly!
Unknown command.
Fire: x) +0 sling (drain)
Press: ? - help, Q - select action, (/) - cycle Shift-Dir - straight line, f/p - centaur
Aim: a centaur, wielding a +0 orcbow (moderately wounded, 72% to hit)
You shoot a sling bullet. The sling bullet hits the centaur.
The centaur is heavily wounded.
The centaur shoots an arrow.
The arrow barely misses you.
The centaur shoots an arrow.
The arrow closely misses you.
Fire: x) +0 sling (drain)
Press: ? - help, Q - select action, (/) - cycle Shift-Dir - straight line, f/p - centaur
Aim: a centaur, wielding a +0 orcbow (heavily wounded, 72% to hit)
You shoot a sling bullet.
The sling bullet closely misses the centaur.
The centaur shoots an arrow.
The arrow hits you but does no damage.
Fire: x) +0 sling (drain)
Press: ? - help, Q - select action, (/) - cycle Shift-Dir - straight line, f/p - centaur
Aim: a centaur, wielding a +0 orcbow (heavily wounded, 72% to hit)
You shoot a sling bullet.
The sling bullet barely misses the centaur.
The centaur shoots an arrow.
The arrow barely misses you.
The centaur shoots an arrow.
The arrow hits you!
You die...

##............
#....#'###....
#....#...# . #....#...#
. #....#...#
..########....#...#####
..............#...##..#
...c..........#.......##
..$....@......#....>....
..............##..##..##
##+###.....######+##'###
#.....# #......##
#.....# #......#.
#.....# ########.
###+#.. #. ... #. #.


You could see a centaur.

Vanquished Creatures
  A hound (D:5)
  2 iguanas
  2 adders (D:2)
  A dart slug (D:2)
  3 ribbon worms
  6 ball pythons
  8 endoplasms
  6 giant cockroaches
  9 hobgoblins
  5 jackals
  5 kobolds
  2 quokkas
  2 bats
  2 frilled lizards (D:1)
  3 goblins
  3 rats
60 creatures vanquished.

Vanquished Creatures (others)
  A ribbon worm (D:2)
1 creature vanquished.

Grand Total: 61 creatures vanquished

Notes
Turn   | Place    | Note
-------+----------+-------------------------------------------
     0 | D:1      | Newt the Demonspawn Gladiator began the quest for the Orb.
     0 | D:1      | Reached XP level 1. HP: 16/16 MP: 1/1
   124 | D:1      | Gained mutation: When seriously injured, your blood forms
                  | armour. (AC +6) [demonic ancestry]
   124 | D:1      | Reached XP level 2. HP: 22/22 MP: 2/2
   288 | D:1      | Found Votuvele's Antique Weapon Shoppe.
   583 | D:1      | Gained mutation: A meltable shield of frost defends you.
                  | (SH +4) [demonic ancestry]
   583 | D:1      | Reached XP level 3. HP: 27/28 MP: 3/3
   922 | D:2      | Identified the +0 robe of Seah {+Blink}
  1445 | D:2      | Reached skill level 1 in Staves
  1508 | D:2      | Reached XP level 4. HP: 35/35 MP: 4/4
  1872 | D:3      | Found a stormy altar of Qazlal.
  1873 | D:3      | Found a sacrificial altar of Ru.
  2167 | D:3      | You fall into a shaft and drop 3 floors!
  2308 | D:5      | Entered Level 5 of the Dungeon
  2366 | D:5      | Reached skill level 1 in Ranged Weapons
  2366 | D:5      | Gained mutation: You have large cloven feet. [demonic
                  | ancestry]
  2366 | D:5      | Reached XP level 5. HP: 41/41 MP: 5/5
  2479 | D:5      | Noticed a centaur
  2484 | D:5      | Shot with an arrow by a centaur

Illustrated notes

Levels and vault maps discovered:
D:1:      tarquinn_simple_flora_water_e, layout_basic, serial_shops,
          nicolae_shop_crystal, minmay_heptomino_l4
D:2:      minmay_spotlight, layout_rooms, serial_forest,
          infiniplex_forest_clump_small, infiniplex_forest_clump_long,
          infiniplex_forest_zigzag_1, infiniplex_forest_clump_large,
          lemuel_flame_loot_1
D:3:      layout_basic, gammafunk_temple_overflow_forgotten,
          columned_hall_lemuel
D:4:      layout_cave_pools, kennysheep_mini, minmay_temple_entry_slanted,
          serial_shops, shop
D:5:      layout_gridville, chei_slow_surprise, lemuel_tele_altar, uniq_menkaure
D:6:      layout_layer_cave, mainiacjoe_overflow_cross_hatched,
          general_overflow_altar, mainiacjoe_overflow_tiny_flanked

Skill      XL: |  1  2  3  4 |
---------------+-------------+-----
Throwing       | 2 3 |  3.0
Fighting       | 3 |  3.5
Staves         | 1 2 |  2.0
Ranged Weapons | 1 |  1.4
Short Blades   | |  2.6
Dodging        | |  2.6

Action                     |  1- 3 |  4- 6 || total
---------------------------+-------+-------++-------
  Melee: Rapier            |   105 |       ||   105
         Punch             |     1 |       ||     1
         Quarterstaff      |    28 |    35 ||    63
   Fire: Sling             |       |    15 ||    15
 Armour: Leather armour    |    47 |       ||    47
         Fire dragon scale |    26 |    25 ||    51
  Dodge: Dodged            |    81 |    33 ||   114
  Block: Other             |     4 |    13 ||    17

Table legend: (Time is in decaauts)
 A = Elapsed time spent in this place.
 B = Non-inter-level travel time spent in this place.
 C = Inter-level travel time spent in this place.
 D = Time resting spent in this place.
 E = Time spent auto-exploring this place.
 F = Levels seen in this place.
 G = Mean time per level.
                   A        B        C        D        E       F      G
               +--------+--------+--------+--------+--------+-----+--------+
         Total |   2513 |   2416 |     97 |    180 |   1746 |   6 |  418.8 |
       Dungeon |   2513 |   2416 |     97 |    180 |   1746 |   6 |  418.8 |
               +--------+--------+--------+--------+--------+-----+--------+

Top non-repeatable levels by time:
     D:2: 814 daAuts
     D:1: 794 daAuts
     D:3: 580 daAuts
     D:5: 182 daAuts
     D:6: 140 daAuts
     D:4: 1 daAuts
